Celery, chaotic female human Rogue - ..--. ..G...| --GG.- -@G.s.- |..G... |..--- --- Celery the Rogue Experience level: 9 Strength: 25 Dexterity: 18 Constitution: 12 Intelligence: 11 Wisdom: 13 Charisma: 9 Health: 0(58) Energy: 47(47) AC: 2 Gold: 0 Moves: 5823 Your Inventory: Weapons b - 17 uncursed +0 daggers (in quiver) z - a [blessed +0] runed dagger [elven] A - a blessed +2 runed dagger [elven] (weapon in hand) Armor n - an uncursed +0 pair of old gloves [leather] (being worn) r - a blessed +1 pair of jungle boots of displacement [elven] (being worn) t - a blessed +1 ring mail of power (being worn) u - an uncursed +0 cloak of invisibility v - an uncursed +0 small shield (being worn) R - an [uncursed +0] Hawaiian shirt Comestibles h - 2 uncursed food rations D - an [uncursed] piece of trash Rings o - an uncursed ring of levitation Wands l - an uncursed marble wand [of opening (0:3)] p - an uncursed wand called invis, tele, cancel [of teleportation (0:4)] K - an uncursed runed wand [of secret door detection (0:10)] Tools e - an uncursed lock pick f - an uncursed sack w - an uncursed tin whistle G - 5 [uncursed tallow] candles H - an uncursed [magic] lamp called magic? (lit) O - an [uncursed] towel Gems q - 2 uncursed yellowish brown gems [worthless glass] B - an uncursed yellowish brown gem [topaz] C - an [uncursed] yellow gem [worthless glass] F - 2 uncursed black gems [worthless glass] M - an [uncursed] white gem [diamond] P - an [uncursed] orange gem [worthless glass] Q - an [uncursed] violet gem [worthless glass] S - an [uncursed] red gem [worthless glass] U - an [uncursed] white gem [worthless glass] Contents of the sack: 250 gold pieces an uncursed scroll labeled ABRA KA DABRA [of flood] an [uncursed] scroll labeled ANDOVA BEGARIN [of remove curse] an uncursed scroll labeled KERNOD WEL [of identify] an [uncursed] scroll labeled LOREN IPSUM [of food detection] an uncursed scroll labeled PHOL ENDE WODAN [of create monster] a cursed unlabeled scroll [of blank paper] an uncursed effervescent potion [of restore ability] an [uncursed] emerald potion [of full healing] a [blessed] golden potion [of levitation] a blessed indigo potion [of speed] an [uncursed] magenta potion [of healing] a cursed potion of extra healing an uncursed potion of object detection an uncursed potion of sickness an uncursed silver potion [of blindness] an uncursed [+0] pick-axe Spells known in the end: Name Level Category Fail Memory a - clairvoyance 3 divination 100% [||||||||] b - healing 1 healing 100% [||||||||] Your skills at the end: Fighting Skills Weapon Skills dagger [Skilled / Expert] short sword [Basic / Expert] Spellcasting Skills Final Attributes: You were piously aligned. Hunger level was 513. Your alignment was 38 / 39. Monster difficulty range was 1 - 8. Level difficulty was 8. You resisted poison. You were displaced. You were stealthy. Your luck was zero. You are dead. Vanquished creatures: a large mimic a small mimic a watchman a giant beetle a leprechaun a dog a housecat a raven a snake 3 water nymphs a pony a fog cloud 2 yellow lights 2 shriekers 7 gnome lords a gnomish wizard 5 elf zombies a giant ant a floating eye 2 kittens 10 dwarves 2 kobold lords 12 hill orcs a rothe a rabid rat 2 centipedes 2 giant bats a monkey 2 iguanas an acid blob 2 gas spores 5 hobbits 3 manes 4 large kobolds a hobgoblin 2 giant rats 3 cave spiders 2 yellow molds a green mold 43 gnomes 12 garter snakes 2 gnome zombies 2 geckos 10 jackals a kobold 2 goblins 7 grid bugs 6 bats 4 lichens a kobold zombie 7 newts 189 creatures vanquished. Voluntary challenges: You used a wielded weapon 193 times. You read items or engraved 11 times. You put on armor 16 times. You never genocided any monsters. You never polymorphed an object. You never changed form. You used no wishes. You never wrote Elbereth's name. You never encountered a bones level. You never used any Sokoban shortcuts. Dungeon overview: The Dungeons of Doom: levels 1 to 2 Level 1 a long staircase Level 2 an armor shop, some fountains stairs to The Gnomish Mines The Gnomish Mines: levels 3 to 8 Level 3 stairs to The Dungeons of Doom Level 5 many shops, a temple, a magic chest, some fountains, some trees Level 8 <- You were here History has recorded: On T:1 you entered the Dungeons of Doom to retrieve the Amulet of Yendor! On T:479 you reached level 2 of The Dungeons of Doom. On T:518 you advanced to experience level 2. On T:660 you advanced to experience level 3. On T:922 you advanced to experience level 4. On T:2175 you advanced to experience level 5. On T:2872 you advanced to experience level 6. On T:3063 you reached level 1 of The Gnomish Mines. On T:3289 you advanced to experience level 7. On T:3516 you reached level 3 of The Gnomish Mines. On T:4064 you advanced to experience level 8. On T:4814 you reached level 4 of The Gnomish Mines. On T:5331 you reached level 5 of The Gnomish Mines. On T:5471 you advanced to experience level 9. On T:5798 you reached level 6 of The Gnomish Mines. Latest messages: The gnome king hits! [HP-12=46] The gnome king swings his crossbow. The gnome king hits! [HP-6=40] The gnome king swings his crossbow. The gnome king hits! The gnome hits! [HP-11=29] The gnome king swings his crossbow. The gnome king hits! [HP-8=21] The gnome king swings his crossbow. The gnome king hits! The gnome swings his thonged club. The gnome just misses! The gnome hits! You finish wearing a blessed +1 ring mail of power. [HP-14=7] [5 turns] You hit the gnome king! The gnome king swings his crossbow. The gnome king hits! You die... Final status: Goodbye Celery the Rogue... You died in The Gnomish Mines on dungeon level 8 with 769 points, and 250 pieces of gold, after 5823 moves. You were level 9 with a maximum of 58 hit points when you died.